 Dungeon Sprint DCSS version 0.30.0-19-g36f170ea60 (webtiles) character file.

Game seed: 8199698477514508017

101 Groucho the Ducker (level 5, -1/42 HPs)
             Began as a Djinni Warper on May 27, 2023.
             Slain by an orc wizard
             ... wielding a +0 dagger
              (2 damage)
             ... in the Dungeon (Sprint IX: "|||||||||||||||||||||||||||||").
             The game lasted 00:00:50 (73 turns).

Groucho the Ducker (Djinni Warper)                    Turns: 73, Time: 00:00:50

Health: -1/42      AC:  3    Str: 10    XL:     5   Next: 4%
Gold:   0          EV: 13    Int: 16    God:
                   SH:  0    Dex: 13

rFire   + + .        a - +0 hand axe
rCold   x . .        (no shield)
rNeg    . . .        b - +0 leather armour
rPois   ∞            (no helmet)
rElec   .            (no cloak)
rCorr   .            (no gloves)
SInv    .            (boots unavailable)
Will    .....        (no amulet)
Stlth   +            (no ring)
HPRegen 0.27/turn    (no ring)
MPRegen 0.00/turn

%: no teleportation, infuse magic (-2 HP)
@: on berserk cooldown, flying, slowed, very slow
A: sickness immunity, fire resistance 2, cold vulnerability 1, float, innate
caster, HP casting, extra vitality 1
a: no special abilities


You were in the Dungeon.
You visited 1 branch

Inventory:

Hand Weapons
 a - a +0 hand axe (weapon)
Missiles
 d - 7 boomerangs of dispersal (quivered)
Armour
 b - a +0 leather armour (worn)
Scrolls
 c - 2 scrolls of blinking


   Skills:
 + Level 4.3 Fighting
 + Level 3.6 Axes
 - Level 0.7 Throwing
 + Level 4.0 Armour
 + Level 4.8 Dodging
 + Level 3.8 Spellcasting


You knew the following spells:

 Your Spells              Type           Power      Damage    Failure   Level
a - Blink                 Tloc           30%        N/A       7%          2
b - Lesser Beckoning      Tloc           30%        N/A       7%          2
c - Vhi's Electric Charg  Tloc/Air       30%        N/A       14%         3
d - Teleport Other        Tloc           15%        N/A       14%         3
e - Manifold Assault      Tloc           15%        N/A       41%         4
f - Slow                  Hex            60%        N/A       4%          1
g - Static Discharge      Conj/Air       30%        2-4/arc   7%          2
Your spell library was empty.

Dungeon Overview and Level Annotations

Branches:
Dungeon (1/1)

Altars:


Innate Abilities, Weirdness & Mutations

You are immune to sickness and miasma.
You are immune to poison.
Your flesh is very heat resistant. (rF++)
You are vulnerable to cold. (rC-)
You float through the air rather than walking.
You learn spells naturally, not from books.
Your magical power is your life essence.
You have superior vitality. (+4 MHP)


Message History

Spell assigned to 'g'.
Unknown command.
Unknown command.
You barely miss something.
You hear some strange, mumbled words.
A magic dart appears from out of thin air!
The magic dart hits you! Something hits you but does no damage.
You barely miss something. Something hits you but does no damage.
You miss something. Something hits you. x2
You closely miss something.
You hear some strange, mumbled words.
Something tries to affect you, but you resist.
Something hits you.
You hit something.
Something hits you but does no damage. x2
You miss something. Something hits you.
You slash something! Something hits you. Something hits you but does no damage.
You hit something but do no damage. Something barely misses you.
You hit something. Something hits you.
You hear some strange, mumbled words.
A puff of flame appears from out of thin air!
The puff of flame hits you. You resist.
* * * LOW HITPOINT WARNING * * *
You hit something.
An orc wizard appears from thin air!
Reactivating autopickup.
The orc wizard mumbles some strange words.
The orc wizard flickers and vanishes!
Deactivating autopickup; reactivate with Ctrl-A.
Something hits you.
* * * LOW HITPOINT WARNING * * *
You miss something.
You hear some strange, mumbled words.
A magic dart appears from out of thin air!
The magic dart hits you!
* * * LOW HITPOINT WARNING * * *
Unknown command.
Unknown command.
You barely miss something. Something hits you.
* * * LOW HITPOINT WARNING * * *
Something hits you.
You die...

▓.▓
▓.▓
▓.▓
▓)▓
▓.▓
▓.▓
▓.▓
▓.▓
▓@▓
▓{▓
▓.▓
▓.▓
▓.▓
▓.▓
▓.▓
▓+▓


There were no monsters in sight!

Vanquished Creatures
  2 hounds (D)
  An orc wizard (D)
  An adder (D)
  A dart slug (D)
  An endoplasm (D)
  A giant cockroach (D)
  A goblin (D)
  A rat (D)
9 creatures vanquished.

Notes
Turn   | Place    | Note
-------+----------+-------------------------------------------
     0 | D        | Groucho the Djinni Warper began the quest for the Orb.
     0 | D        | Groucho set off with the following spells memorised: Blink,
                  | Lesser Beckoning, Vhi's Electric Charge, Teleport Other,
                  | Manifold Assault.
     0 | D        | Reached XP level 1. HP: 18/18 MP: 0/0
    26 | D        | Reached XP level 2. HP: 10/24 MP: 0/0
    55 | D        | Reached XP level 3. HP: 30/30 MP: 0/0
    55 | D        | Learned a level 1 spell: Slow
    57 | D        | Reached XP level 4. HP: 37/37 MP: 0/0
    62 | D        | Reached XP level 5. HP: 29/42 MP: 0/0
    62 | D        | Learned a level 2 spell: Static Discharge
    72 | D        | HP: 1/42 [something/magic dart (7)]
    73 | D        | Slain by an orc wizard

Illustrated notes

Levels and vault maps discovered:
D:        linesprint [early_d, line_temple, items_1, d_10, items_2, lair_1,
          lair_end, items_3, orc_1, orc_end, items_4, d_15, swamp_1, shoals_1,
          snake_1, spider_1, d_20, vaults_1, items_5, swamp_end, shoals_end,
          snake_end, spider_end, vaults_end, d_27, items_6, zot_1, zot_end,
          crypt_end, forest_end, elf_end, slime_end, tomb_end, abyss_end,
          pan_hell_end]

Skill      XL: |  1  2  3  4 |
---------------+-------------+-----
Axes           | 2 3 |  3.6
Armour         | 3 4 |  4.0
Dodging        | 3 4 |  4.8
Fighting       | 3 4 |  4.3
Spellcasting   | 3 |  3.8
Throwing       | |  0.7

Action                     |  1- 3 |  4- 6 || total
---------------------------+-------+-------++-------
  Melee: Hand axe          |    42 |    17 ||    59
    Use: Potion            |     4 |       ||     4
 Armour: Leather armour    |     1 |     8 ||     9
  Dodge: Dodged            |    18 |     5 ||    23
